[Event "Olomouc Chess Summer-IM 2022"]
[Site "Olomouc"]
[Date "2022.08.20"]
[Round "9.8"]
[White "Kusa, Jakub"]
[Black "Kukelko, Alexey"]
[Result "1/2-1/2"]
[ECO "A40"]
[WhiteElo "2353"]
[BlackElo "2260"]
[Annotator "TA"]
[PlyCount "61"]
[EventDate "2022.08.10"]
[EventCountry "CZE"]
[SourceTitle "playchess.com"]
[Source "ChessBase"]
[SourceQuality "1"]
[TimeControl "40/5400+30:1800+30"]

1. d4 Nf6 2. c4 e6 3. g3 d5 4. Nf3 Bb4+ 5. Bd2 Be7 6. Bg2 O-O 7. O-O c6 8. Qc2 b6 9. Rd1 Bb7 10. Bf4 Nbd7 11. Nc3 dxc4 12. Nd2 {[%emt 0:00:52] E08: Closed Catalan: Main Line: 7 Qc2.} Nd5 13. Nxc4 Nxf4 14. gxf4 {[%emt 0:00:10] The position is equal.} Qc7 15. e3 Rac8 16. Rab1 Nf6 17. b4 Nd5 18. a3 Rfd8 19. Rdc1 Qb8 {[%emt 0:02:28] [#]} 20. Ne5 $146 ({Predecessor:} 20. Ne4 c5 21. dxc5 bxc5 22. b5 Nf6 23. Na5 Bxe4 24. Bxe4 Nxe4 25. Nc6 Qb7 26. Qxe4 {1-0 (34) Gulko,B-Begovac,J Sombor 1974}) 20... Bd6 21. Ne4 {[%emt 0:06:37] [#] And now Ng5 would win. Pair of Knights!} h6 {[%emt 0:00:32] Against Ng5} 22. Nxd6 Qxd6 23. Qa4 Rc7 24. Rb2 ({Don't blunder} 24. Qxa7 $2 Ra8 25. Qxa8+ (25. Nc4 $2 Qd8 $19) 25... Bxa8 $19) 24... f6 25. Nc4 Qd7 {[%emt 0:05:32] [#] ...b5 is the strong threat.} 26. Qd1 (26. Qxa7 $2 Ra8 27. Nxb6 Rxa7 $17) 26... Ba6 27. Rbc2 Rdc8 28. Nb2 Qd6 29. Nc4 Qd7 30. Nb2 Qd6 31. Nc4 {[%emt 0:00:51] Weighted Error Value: White=0.07 (flawless) /Black=0.05 (flawless)} 1/2-1/2

[Event "Olomouc Chess Summer-IM 2022"]
[Site "Olomouc"]
[Date "2022.08.20"]
[Round "9.9"]
[White "Nagy, Ladislav"]
[Black "Stinka, Jakub"]
[Result "1/2-1/2"]
[ECO "B53"]
[WhiteElo "2209"]
[BlackElo "2335"]
[Annotator "TA"]
[PlyCount "60"]
[EventDate "2022.08.10"]
[EventCountry "CZE"]
[SourceTitle "playchess.com"]
[Source "ChessBase"]
[SourceQuality "1"]
[TimeControl "40/5400+30:1800+30"]

1. e4 c5 2. Nf3 d6 3. d4 cxd4 4. Qxd4 Nc6 5. Bb5 Bd7 6. Bxc6 Bxc6 7. Nc3 Nf6 8. Bg5 e6 9. O-O-O Be7 10. Qd3 $1 {[%mdl 4] now scores much better than the old 10.Rhe1.} Qa5 11. Bd2 {B53: Sicilian: 2...d6: Lines with Qxd4.} d5 12. exd5 ({Not} 12. Nxd5 $2 Qxa2 13. Nxf6+ (13. Nc7+ $2 Kf8 $19) 13... gxf6 $19) 12... Nxd5 13. Kb1 {Black has an edge.} Rd8 14. Nd4 {[#]} Bb4 $146 (14... Qb6 {feels hotter.} 15. Nxc6 bxc6 16. Be3 Nxe3 17. Qxe3 Qxe3 18. fxe3 Bg5) ({Predecessor:} 14... Qb6 15. Nxc6 bxc6 16. Nxd5 Rxd5 17. Qg3 Bf6 18. Bc3 Bxc3 19. Qxc3 O-O 20. Qe3 Qc7 {½-½ (20) Trofimov,V (2400)-Nizky,R (2425) ICCF email 2014}) 15. Nxc6 (15. Nxd5 {looks sharper.} Bxd5 16. c4 Bxg2 17. Bxb4 Qxb4 18. Rhg1) 15... bxc6 16. Nxd5 cxd5 17. Bxb4 Qxb4 18. Qd4 Qxd4 19. Rxd4 $11 {[%mdl 4096] Endgame KRR-KRR} Ke7 20. c4 dxc4 21. Rxc4 Rd2 22. Rc2 Rhd8 23. Rhc1 g5 24. Rxd2 Rxd2 {KR-KR} 25. Rc7+ Kf6 26. Rxa7 {Black must now prevent b4.} Rxf2 27. b4 $1 e5 $1 28. b5 {[#] aiming for b6.} e4 {Threatens to win with ...e3.} (28... Rxg2 $2 29. b6 Rg4 30. a3 Rg1+ 31. Kc2 Rg2+ 32. Kc3 $18) 29. Ra3 {Hoping for b6.} Ke6 (29... Rxg2 30. b6 Rg1+ 31. Kc2 $18) 30. b6 (30. Rc3 $14 Rf1+ 31. Kb2 Rf2+ 32. Kb3) 30... Kd7 {Weighted Error Value: White=0.05 (flawless) /Black=0.06 (flawless)} 1/2-1/2

[Event "Olomouc Chess Summer-IM 2022"]
[Site "Olomouc"]
[Date "2022.08.20"]
[Round "9.10"]
[White "Lalic, Bogdan"]
[Black "Poschadel, Andreas Gregor"]
[Result "1-0"]
[ECO "E20"]
[WhiteElo "2412"]
[BlackElo "2101"]
[Annotator "TA"]
[PlyCount "81"]
[EventDate "2022.08.10"]
[EventCountry "CZE"]
[SourceTitle "playchess.com"]
[Source "ChessBase"]
[SourceQuality "1"]
[TimeControl "40/5400+30:1800+30"]

1. d4 Nf6 2. c4 e6 3. Nc3 Bb4 4. f3 d5 5. a3 Be7 6. e4 dxe4 {[%emt 0:00:19] E20: Nimzo-Indian: 4 g3 and 4 f3.} 7. fxe4 c5 8. d5 exd5 {[%emt 0:00:12] The position is equal.} 9. exd5 O-O 10. Nf3 {[%emt 0:00:13] [#]} h6 $146 ({Predecessor:} 10... Bg4 11. Be2 Bd6 12. O-O Nbd7 13. Bg5 Bxf3 14. Bxf3 Qc7 15. h3 Rae8 16. Nb5 Qb8 17. Nxd6 Qxd6 {1-0 (58) Grigoryan,K (2651)-Peralta,F (2586) Barcelona 2020}) 11. Bd3 Bg4 12. O-O a6 (12... Nbd7 $14) 13. h3 $16 Bxf3 14. Qxf3 {[%emt 0:00:11][%cal Oc1h6] Black must now prevent Bxh6!} Nbd7 15. Bf4 {[%emt 0:01:53] Inhibits Ne5. Strongly threatening d6. White is more active.} Qb6 {[%emt 0:01:36] [#] Against d6} (15... Re8 $16 16. d6 Bf8) 16. Na4 $1 $18 Qa5 17. d6 Bd8 (17... Bxd6 {is a better defense.} 18. Bxd6 Qxa4 19. Bxf8 (19. Qxb7 Rfc8 $16) 19... Rxf8 20. Qxb7 Ne5) 18. Bc2 Rb8 19. Rfd1 b5 {[%emt 0:01:58] [#]} 20. Bd2 $1 {[%emt 0:00:09] This bishop pair is nice.} b4 21. b3 Re8 22. Re1 Bb6 23. Re7 $2 (23. Qg3 $18 {aiming for Bxh6.} Kh8 24. Bf5) 23... Bd8 $2 {[%emt 0:09:23][%mdl 8192] This costs Black the game.} (23... Rxe7 $16 {is tougher.} 24. dxe7 Bc7) 24. Rxe8+ ({Less strong is} 24. axb4 cxb4 25. Rxe8+ Nxe8 $18) 24... Nxe8 25. Qf5 {[%emt 0:01:06] Against Bg5. Qh7+ would kill now.} Ndf6 {[%emt 0:06:12] Inhibits Qh7+.} 26. axb4 cxb4 27. Qxa5 Bxa5 28. c5 Bd8 29. Rd1 a5 30. Bf4 g5 31. Bh2 Kf8 32. Bd3 Nd5 33. c6 Nf4 34. Bxf4 gxf4 35. Ba6 f5 36. Bb7 Kf7 37. Kf1 Kf8 38. Nc5 {[%emt 0:00:13] Nd7+ is the strong threat.} Kf7 39. Na6 Rxb7 40. cxb7 Nf6 41. b8=Q {[%emt 0:30:11] Weighted Error Value: White=0.21 (precise) /Black=0.79} 1-0

[Event "Olomouc Chess Summer-IM 2022"]
[Site "Olomouc"]
[Date "2022.08.20"]
[Round "9.11"]
[White "Biolek, Richard Jr."]
[Black "Obsivac, Josef"]
[Result "1/2-1/2"]
[ECO "D10"]
[WhiteElo "2437"]
[BlackElo "2272"]
[Annotator "TA"]
[PlyCount "38"]
[EventDate "2022.08.10"]
[EventCountry "CZE"]
[SourceTitle "playchess.com"]
[Source "ChessBase"]
[SourceQuality "1"]
[TimeControl "40/5400+30:1800+30"]

1. d4 d5 2. c4 c6 3. cxd5 cxd5 4. Nc3 Nf6 5. Nf3 Nc6 6. Bf4 a6 7. e3 Bf5 8. Bd3 Bxd3 9. Qxd3 e6 10. O-O Bd6 $1 {[#] Not much happened in this game. 10...Bd6 is better than 10...Be7. D13: Slav Defence: Exchange variation without ...Bf5.} {Predecessor:} 11. Bxd6 $146 Qxd6 12. Rfc1 O-O 13. Na4 Nd7 14. Nc5 Nxc5 15. Rxc5 Rac8 16. Rac1 Ne7 17. Rxc8 Rxc8 18. Rxc8+ Nxc8 19. Qc3 Ne7 {½-½ (31) Li,C (2720)-Yu,Y (2750) Fufeng 2017} 1/2-1/2

[Event "Olomouc Chess Summer-IM 2022"]
[Site "Olomouc"]
[Date "2022.08.20"]
[Round "9.12"]
[White "Wiley, Tom E"]
[Black "Mannion, Stephen R"]
[Result "1/2-1/2"]
[ECO "D27"]
[WhiteElo "2169"]
[BlackElo "2232"]
[Annotator "TA"]
[PlyCount "47"]
[EventDate "2022.08.10"]
[EventCountry "CZE"]
[SourceTitle "playchess.com"]
[Source "ChessBase"]
[SourceQuality "1"]
[TimeControl "40/5400+30:1800+30"]

1. d4 d5 2. c4 dxc4 3. Nf3 Nf6 4. e3 e6 5. Bxc4 c5 6. O-O a6 7. dxc5 Bxc5 8. Qxd8+ Kxd8 9. Ne5 $1 {[%emt 0:00:14][%mdl 4] 9.Ne5 is the recent fashion. D27: Queen's Gambit Accepted: Classical main line: 7 e4!? and 7 a4.} Ke7 10. Be2 Nbd7 11. Nc4 {[%emt 0:00:11] White has an edge.} b6 12. Nbd2 a5 13. Nb3 Ba6 14. Nxc5 bxc5 15. f3 Rhb8 16. Rf2 a4 {[%emt 0:14:55] [#]  Weighted Error Value: White=0.05 (flawless) /Black=0.03 (flawless)} {Predecessor:} 17. e4 $146 Rb4 18. Na3 Ne5 19. Bf4 Nfd7 20. Bd2 Rb7 21. Bc3 f6 22. Rd1 Bxe2 23. Rxe2 Nc6 24. Nc4 {½-½ (24) Lenic,L (2646)-Caruana,F (2807) Tbilisi 2017} 1/2-1/2

[Event "Olomouc Chess Summer-IM 2022"]
[Site "Olomouc"]
[Date "2022.08.20"]
[Round "9.13"]
[White "Camarena Jimenez, Rufino"]
[Black "Saypuri Srithan"]
[Result "1-0"]
[ECO "E92"]
[WhiteElo "2298"]
[BlackElo "1923"]
[Annotator "TA"]
[PlyCount "75"]
[EventDate "2022.08.10"]
[EventCountry "CZE"]
[SourceTitle "playchess.com"]
[Source "ChessBase"]
[SourceQuality "1"]
[TimeControl "40/5400+30:1800+30"]

1. d4 Nf6 2. c4 g6 3. Nc3 Bg7 4. e4 d6 5. Nf3 O-O 6. Be2 e5 7. d5 Na6 8. Bg5 h6 9. Bh4 g5 {[%emt 0:05:32] E92: King's Indian: Classical: 6 Be2 e5: 7 dxe5, 7 Be3 and Petrosian System without 7...Nbd7.} 10. Bg3 Nh5 11. Nd2 Nxg3 (11... Nf4 $1 $11) 12. hxg3 $16 f5 {[%emt 0:00:04] [#]} 13. exf5 $1 Bxf5 14. Nde4 (14. g4 $5 Bg6 15. Nde4 $11) 14... b6 {[%emt 0:00:19] [#]} (14... Nc5 $14 15. Nxc5 dxc5) 15. Bd3 $146 {[%emt 0:02:12] White is more active.} ({Predecessor:} 15. Bg4 Bxg4 16. Qxg4 Qc8 17. Qxc8 Rfxc8 18. Kd2 Nc5 19. b4 Nxe4+ 20. Nxe4 a5 21. a3 axb4 22. axb4 Rxa1 23. Rxa1 {1-0 (44) Tancik,K (2248)-Kumic,F (1969) Subotica 2010}) 15... Qd7 16. O-O (16. Bc2 $16) 16... Nc5 17. Bc2 Rf7 18. b4 Nxe4 19. Bxe4 Bxe4 20. Nxe4 Qf5 21. Qe2 Bf8 22. g4 Qg6 23. Ng3 Re8 24. Qe4 Qxe4 25. Nxe4 Rf4 26. f3 Bg7 27. Rac1 Ref8 28. Rc3 h5 $2 {[%emt 0:03:41] [#] Loses the game.} (28... Ra8 $16 29. c5 dxc5) 29. g3 $18 ({Weaker is} 29. Nxg5 e4 30. Rcc1 Bb2 $14) ({Not} 29. gxh5 g4 30. c5 bxc5 $16) 29... R4f7 30. gxh5 g4 31. Kg2 Rf5 32. Rf2 Rxh5 33. fxg4 Rxf2+ 34. Nxf2 {[%emt 0:00:05] KRB-KRN} Rg5 35. Ra3 e4 36. Nxe4 Rxg4 (36... Re5) 37. Kf3 Rg6 38. Rxa7 {Weighted Error Value: White=0.09 (flawless) /Black=0.40} 1-0

[Event "Olomouc Chess Summer-IM 2022"]
[Site "Olomouc"]
[Date "2022.08.20"]
[Round "9.14"]
[White "Shubin, Daniel"]
[Black "Paseka, Matyas"]
[Result "0-1"]
[ECO "B90"]
[WhiteElo "2120"]
[BlackElo "2218"]
[Annotator "TA"]
[PlyCount "74"]
[EventDate "2022.08.10"]
[EventCountry "CZE"]
[SourceTitle "playchess.com"]
[Source "ChessBase"]
[SourceQuality "1"]
[TimeControl "40/5400+30:1800+30"]

1. e4 c5 2. Nf3 d6 3. d4 cxd4 4. Nxd4 Nf6 5. Nc3 a6 6. Nb3 e5 7. Bg5 Be6 {[%emt 0:01:41] seems to push 7...Be7 aside. B94: Sicilian Najdorf: 6 Bg5 Nbd7.} 8. Bxf6 Qxf6 9. Nd5 Qd8 {[%emt 0:01:07] The position is equal.} 10. Qd3 Nd7 11. O-O-O Rc8 12. Kb1 Nb6 13. Ne3 {[%emt 0:10:58] [#]} Nc4 $146 ({Predecessor:} 13... Be7 14. g3 O-O 15. h4 Qc7 16. Bg2 Nc4 17. Rhe1 a5 18. a4 b5 19. axb5 a4 {1-0 (90) Gurvich,V (2230)-Andrews,T (2244) Chess.com INT 2020}) 14. Nxc4 Bxc4 15. Qd2 (15. Qg3 $5 ) 15... Be6 16. f4 Be7 17. Bd3 (17. f5 $14 Bd7 18. g3) 17... exf4 $11 18. Qxf4 Bf6 {[%emt 0:02:04] Prevents e5.} 19. c3 Qb6 {[%emt 0:02:35][%cal Of6c3] Against Nd4} 20. Bc2 Be5 21. Qf3 O-O 22. Nd4 Bc4 23. Bb3 a5 24. Nf5 {[%emt 0:02:55] Hoping for Ne7+.} Bxb3 {[%emt 0:17:37] A strong pair of Bishops.} 25. Ne7+ Kh8 {[%emt 0:00:06][%cal Oc8c3] White must now prevent ...Rxc3!} 26. Nxc8 Rxc8 27. axb3 Qxb3 {[%emt 0:00:06] Strongly threatening ...a4.} 28. Qf5 Rc5 29. Qd7 (29. Rd5 $11 Bxc3 30. Qf2) 29... h6 $17 {[%emt 0:02:19] ( -> ...Bxc3)} 30. Rd2 {[%emt 0:10:09] [#]} Rxc3 $40 {[%emt 0:02:27][%mdl 128] Black is up to no good.} (30... Bxc3 $1 $17 31. Rf2 Bd4) 31. Rf1 Qc4 {[%emt 0:06:09] Dancing on a razor blade.} 32. Qxf7 {[%emt 0:02:07][%mdl 8192] [#] This move loses the game for White.} (32. Re1 $11) 32... Rc1+ $3 $19 {[%emt 0:00:06][%mdl 576] Deflection} 33. Rxc1 Qxf7 34. Rc8+ Kh7 35. Ra8 Qf1+ 36. Ka2 Qc4+ 37. Ka1 Qc1+ {[%emt 0:00:08] Weighted Error Value: White=0.78/Black=0.18 (very precise)} 0-1

[Event "Olomouc Chess Summer-IM 2022"]
[Site "Olomouc"]
[Date "2022.08.20"]
[Round "9.15"]
[White "Mica, Marek"]
[Black "Nemec, Jachym"]
[Result "1/2-1/2"]
[ECO "A15"]
[WhiteElo "2304"]
[BlackElo "2357"]
[Annotator "TA"]
[PlyCount "39"]
[EventDate "2022.08.10"]
[EventCountry "CZE"]
[SourceTitle "playchess.com"]
[Source "ChessBase"]
[SourceQuality "1"]
[TimeControl "40/5400+30:1800+30"]

1. c4 Nf6 2. Nf3 c5 3. g3 d5 4. cxd5 Nxd5 5. Bg2 Nc6 6. d4 cxd4 7. Nxd4 e6 8. Nxc6 bxc6 9. O-O Be7 10. a3 {[%emt 0:15:21] E01: Catalan: Early deviations.} (10. e4 $14) 10... O-O $11 11. Qc2 {[%emt 0:01:16] [#]} Qc7 $146 ({Predecessor:} 11... a5 12. Rd1 Qb6 13. Nd2 Ba6 14. Nc4 Qa7 15. Nxa5 Bxe2 16. Qxe2 Qxa5 17. Bd2 Qb6 18. b4 c5 19. Bxd5 Bf6 20. Bxa8 Bxa1 21. Rxa1 Rxa8 22. Be3 {1-0 (22) Rottenwohrer Suarez,J (2189)-Matveeva,O (2145) Chess.com INT 2021}) 12. Nc3 {[%emt 0:03:07] White is slightly better.} Rd8 13. Nxd5 exd5 14. Rd1 Be6 15. Be3 Qb7 16. b4 a5 17. Bc5 axb4 {[%emt 0:12:57] The position is equal.} 18. axb4 Bxc5 19. Qxc5 Rab8 20. e4 {[%emt 0:05:31] Weighted Error Value: White=0.13 (very precise) /Black=0.07 (flawless)} 1/2-1/2